 Dungeon Crawl Stone Soup version 0.18-a0-1026-ge317a7f (webtiles) character file.

74 Grimpse the Gusty (level 4, -3/24 HPs)
             Began as a Tengu Air Elementalist on Jan 8, 2016.
             Slain by a worm (9 damage)
             ... on level 2 of the Dungeon.
             The game lasted 00:08:28 (1907 turns).

Grimpse the Gusty (Tengu Air Elementalist)          Turns: 1907, Time: 00:08:28

Health: -3/24      AC:  2    Str:  8    XL:     4   Next: 30%
Magic:  1/8        EV: 12    Int: 16    God:
Gold:   83         SH:  0    Dex: 15    Spells: 1 memorised, 6 levels left

rFire  . . .     SeeInvis .     n - -2 dagger (curse)
rCold  . . .     Gourm    .     a - +0 robe
rNeg   . . .     Faith    .     (no shield)
rPois  .         Spirit   .     (helmet restricted)
rElec  .         Dismiss  .     (no cloak)
rCorr  .         Reflect  .     (no gloves)
SustAt .         Harm     .     (boots unavailable)
MR     .....                    (no amulet)
Stlth  +.........               (no ring)
                                (no ring)

@: confused, not resistant to hostile enchantments, very unstealthy
A: beak, talons 3
a: no special abilities


You were on level 2 of the Dungeon.
You were not hungry.

You visited 1 branch of the dungeon, and saw 2 of its levels.

You collected 83 gold pieces.

Inventory:

Hand Weapons
 j - a +0 dagger
 n - a cursed -2 dagger (weapon)
Armour
 a - a +0 robe (worn)
Scrolls
 d - 3 scrolls of remove curse {unknown}
 e - a scroll of noise {unknown}
 i - 5 scrolls of identify {unknown}
 k - a scroll of enchant armour {unknown}
Potions
 g - a potion of brilliance {unknown}
 h - a potion of cancellation {unknown}
Books
 b - a book of Air

   Spells                             Type                      Level
   a - Shock                          Conjuration/Air              1
   b - Swiftness                      Charms/Air                   2
   c - Repel Missiles                 Charms/Air                   2
   d - Static Discharge               Conjuration/Air              3
   e - Lightning Bolt                 Conjuration/Air              5
Comestibles
 c - a bread ration
 f - 2 fruits
 l - a meat ration
 m - a chunk of flesh


   Skills:
 - Level 2.1 Dodging
 - Level 2.0 Stealth
 - Level 2.0 Spellcasting
 + Level 3.7 Conjurations
 + Level 5.5 Air Magic


You had 6 spell levels left.
You knew the following spells:

 Your Spells              Type           Power        Failure   Level  Hunger
a - Shock                 Conj/Air       ###.         3%          1    #......


Dungeon Overview and Level Annotations

Branches:
Dungeon (2/15)

Altars:

Annotations:
D:2 Natasha


Innate Abilities, Weirdness & Mutations

You have a beak for a mouth.
You have claws for feet.


Message History

You bump into the rock wall.
You're too confused to move!
You bump into the large closed door.
Natasha zaps a wand.
Your will is overpowered!
You are more confused.
You bump into the rock wall.
Natasha zaps a wand.
Your will is overpowered!
You are more confused.
Natasha casts a spell at you. The magic dart hits you!
You bump into the rock wall.
Natasha casts a spell at you. The magic dart hits you! The worm bites you!
* * * LOW HITPOINT WARNING * * *
Natasha closely misses you.
Natasha mumbles some strange words.
Natasha closely misses you.
Natasha zaps a wand.
Your will is overpowered!
You are more confused.
The worm bites you!
You die...

#...# ####..............# #.#
#...# #.................# #.#
#...# #.######........)## #.#
########.# #.........# #.#
#.)...#.# #.........# #.#
#.....'.######.........####.#
###.....####...h.......÷....<.##
#.........##..w......#########..
#.........++..5@.....#########..
#.........##.........'.....†....
###.....####.........##########.
#.....####...).....# #.
#..................###### #.
#.......................# #.
######<......#####......# #.
#....(.......# #......# #.
#.......###### #......# #.


You could see a worm, an iron imp and Natasha.

Vanquished Creatures
  Natasha (D:2)
  An adder (D:2)
  5 bats
  2 giant cockroaches
  8 goblins
  3 hobgoblins
  7 jackals (D:2)
  A giant newt (D:1)
  5 kobolds
  4 rats
37 creatures vanquished.

Notes
Turn   | Place    | Note
--------------------------------------------------------------
     0 | D:1      | Grimpse the Tengu Air Elementalist began the quest for the Orb.
     0 | D:1      | Reached XP level 1. HP: 10/10 MP: 4/4
   371 | D:1      | Reached XP level 2. HP: 15/15 MP: 3/6
  1131 | D:2      | Reached XP level 3. HP: 17/19 MP: 5/7
  1346 | D:2      | Noticed Natasha
  1369 | D:2      | Killed Natasha
  1369 | D:2      | Reached skill level 5 in Air Magic
  1369 | D:2      | Reached XP level 4. HP: 12/24 MP: 1/8
  1415 | D:2      | Noticed Natasha
  1907 | D:2      | Slain by a worm

Vault maps used:
D:1:      dpeg_arrival_stonehenge_8_columns
D:2:      minmay_tree_intersection, uniq_natasha

Action                   |  1- 3 |  4- 6 || total
-------------------------+-------+-------++-------
Melee: Dagger            |    21 |     2 ||    23
 Cast: Shock             |    50 |    25 ||    75
  Eat: Chunk             |     2 |     2 ||     4
